 Dungeon Crawl Stone Soup version 0.21-a0-84-g85d6d27 (webtiles) character file.

73 roflturtle the Changer (level 4, -1/36 HPs)
             Began as a Draconian Transmuter on July 8, 2017.
             Slain by Natasha (7 damage)
             ... on level 2 of the Dungeon.
             The game lasted 00:04:01 (1095 turns).

roflturtle the Changer (Draconian Transmuter)       Turns: 1095, Time: 00:04:02

Health: -1/36      AC:  5    Str: 12    XL:     4   Next: 8%
Magic:  6/7        EV: 12    Int: 15    God:
Gold:   65         SH:  0    Dex: 11    Spells: 1/7 levels left

rFire    . . .     SeeInvis .     - Unarmed
rCold    . . .     Gourm    .   (no shield)
rNeg     . . .     Faith    .   (armour unavailable)
rPois    .         Spirit   .   (helmet restricted)
rElec    .         Reflect  .   (no cloak)
rCorr    .         Harm     .   (no gloves)
MR       .....                  (no boots)
Stlth    +.........             (no amulet)
HPRegen  0.12/turn              (no ring)
MPRegen  0.10/turn              (no ring)

@: appendage
A: unfitting armour, horns 2, cold-blooded, AC +5
a: End Transformation


You were on level 2 of the Dungeon.
You were not hungry.
You had grown temporary horns.
You visited 1 branch of the dungeon, and saw 2 of its levels.

You collected 65 gold pieces.

Inventory:

Missiles
 a - 12 arrows
 i - 19 poisoned needles
Scrolls
 h - a scroll of remove curse {unknown}
 j - a scroll of teleportation {unknown}
 k - a scroll of identify {unknown}
Potions
 d - a potion of agility {unknown}
 e - 2 potions of heal wounds {unknown}
 f - a potion of degeneration {unknown}
Books
 b - a book of Changes

   Spells                             Type                      Level
   a - Beastly Appendage              Transmutation                1
   b - Sticks to Snakes               Transmutation                2
   c - Spider Form                    Transmutation/Poison         3
   d - Ice Form                       Ice/Transmutation            4
   e - Blade Hands                    Transmutation                5
Comestibles
 c - a bread ration
 g - 4 chunks of flesh


   Skills:
 - Level 2.0 Fighting
 - Level 2.0 Dodging
 - Level 3.0 Unarmed Combat
 - Level 2.0 Spellcasting
 + Level 3.9 Transmutations


You had one spell level left.
You knew the following spells:

 Your Spells              Type           Power        Failure   Level  Hunger
a - Beastly Appendage     Tmut           ##....       4%          1    #......
b - Sticks to Snakes      Tmut           ##......     7%          2    ###....
c - Spider Form           Tmut/Pois      #.........   30%         3    ###....


Dungeon Overview and Level Annotations

Branches:
Dungeon (2/15)

Altars:
The Shining One

Annotations:
D:2 Natasha


Innate Abilities, Weirdness & Mutations

Your plain brown scales are hard. (AC +5)
You cannot fit into any form of body armour.
You are cold-blooded and may be slowed by cold attacks.
You have a pair of horns on your head.


Message History

You start resting.
Magic restored.
You start resting.
Natasha, Servant of Life and Death comes into view.
Casting: Beastly Appendage
Confirm with . or Enter, or press ? or * to list all spells.
You grow a pair of large bovine horns.
Natasha hisses angrily.
Natasha claws you.
You hit Natasha.
Natasha is moderately wounded.
Natasha casts a spell at you. The magic dart hits you!
* * * LOW HITPOINT WARNING * * *
You closely miss Natasha.
Natasha is moderately wounded.
Natasha wildly gestures.
You feel disoriented. Natasha claws you!
You die...

#.# ###.###........#..# #.#
#.........##.#.#..#
#.####.........##.#.#..#
#...............#.#.#..########
#.####.........##.#.#..........
#.# #........###.#....########
#.# ###.###.####.#....#
##.######.# #.##(h.........
......>...# #.##@#.......###
####.###### #.##(##......#
###.##########.).##....##
#..........##.....##...#
##.#.########.......#..##
...#.# #..._...#..# ####.#
#.......# # #.# ##.....## #.#
.##...##


You could see Natasha.

Vanquished Creatures
  Natasha (D:2)
  An adder (D:2)
  A dart slug (D:1)
  2 leopard geckos (D:1)
  10 bats
  A giant cockroach (D:1)
  6 hobgoblins (D:1)
  2 frilled lizards (D:1)
  4 goblins
  4 kobolds
  4 rats (D:1)
36 creatures vanquished.

Notes
Turn   | Place    | Note
-------+----------+-------------------------------------------
     0 | D:1      | roflturtle the Draconian Transmuter began the quest for the Orb.
     0 | D:1      | Reached XP level 1. HP: 16/16 MP: 3/3
   149 | D:1      | Reached XP level 2. HP: 18/24 MP: 5/5
   591 | D:1      | Reached XP level 3. HP: 23/29 MP: 4/6
   673 | D:2      | Learned a level 2 spell: Sticks to Snakes
   677 | D:2      | Learned a level 3 spell: Spider Form
  1024 | D:2      | Found a glowing golden altar of the Shining One.
  1024 | D:2      | Noticed Natasha
  1045 | D:2      | Killed Natasha
  1045 | D:2      | Reached XP level 4. HP: 8/36 MP: 5/7
  1092 | D:2      | Noticed Natasha
  1095 | D:2      | Slain by Natasha

Vault maps used:
D:1:      nagdon_arrival_double_spiral, nrook_loot_triangle
D:2:      nicolae_overflow_hidden_temple, lemuel_round_altar, uniq_natasha

Skill      XL: |  1  2  3 |
---------------+----------+-----
Dodging        | 2 |  2.0
Fighting       | 2 |  2.0
Transmutations | 3 |  3.9
Unarmed Combat | |  3.0
Spellcasting   | |  2.0

Action                   |  1- 3 |  4- 6 || total
-------------------------+-------+-------++-------
Melee: Unarmed           |   108 |     3 ||   111
       Tailslap          |     5 |       ||     5
       Kick              |     6 |       ||     6
       Headbutt          |     5 |       ||     5
       Punch             |       |     1 ||     1
 Cast: Beastly Appendage |    23 |     1 ||    24
  Eat: Chunk             |     1 |       ||     1
Armor: Skin              |    42 |       ||    42
Dodge: Dodged            |    99 |     2 ||   101
